Map: Altitude LE

Players

MattBarry - Winner!

  • Race: Zerg Zerg
  • League: Gold
  • Spawn Location: 7:00

Android

  • Race: Zerg Zerg
  • League: Gold
  • Spawn Location: 1:00

VOD

Have the link to the VOD?

Description

Time

  • Played on: Feb. 11, 2023, 1:16 a.m.
  • Length: 7:43
Show
View Real Time Build Order
Export as new Build Order

MattBarry Zerg - Winner!

Build Orders: Hatch First 

Get SALT Encoding   

  12  0:00  Drone  
  13  0:12  Overlord  
  13  0:17  Drone  
  14  0:30  Drone x2  
  16  0:51  Hatchery  
  16  0:54  Drone  
  16  0:56  Drone  
  17  0:59  Drone  
  18  1:07  Drone  
  18  1:11  Extractor  
  18  1:19  Spawning Pool  
  18  1:23  Drone  
  18  1:28  Drone  
  19  1:43  Drone  
  20  2:06  Zergling x6  
  20  2:07  Queen  
  25  2:11  Queen, Spine Crawler  
  25  2:14  Zergling x2  
  27  2:16  Zergling x2  
  29  2:31  Spine Crawler  
  27  2:40  Overlord x2  
  27  2:41  Drone x2  
  27  2:45  Metabolic Boost  
  27  2:50  Drone  
  28  3:03  Evolution Chamber  
  27  3:09  Overlord  
  27  3:11  Drone x3  
  30  3:19  Queen  
  29  3:24  Drone  
  29  3:25  Drone  
  31  3:36  Spine Crawler  
  31  3:40  Drone x3  
  33  3:50  Evolution Chamber  
  33  3:53  Roach Warren  
  31  4:00  Drone x3  
  32  4:45  Queen  
  36  4:49  Lair  
  36  4:51  Roach x9  
  52  4:59  Overlord x2  
  51  5:15  Drone  
  51  5:16  Drone x2  
  48  5:22  Queen  
  50  5:32  Drone x5  
  55  5:48  Overlord  
  55  5:50  Drone x5  
  60  5:57  Queen  
  60  5:58  Queen  
  60  6:02  Hatchery  
  63  6:06  Glial Reconstitution  
  63  6:13  Zergling x12  
  69  6:34  Pneumatized Carapace  
  69  6:35  Extractor  
  69  6:36  Extractor  
  69  6:37  Zergling x6  
  69  6:38  Zergling x2  
  69  7:22  Roach  
  69  7:23  Roach x7  
Show
View Real Time Build Order
Export as new Build Order

Android Zerg 

Build Orders: Pool First 

Get SALT Encoding   

  12  0:00  Drone  
  13  0:08  Drone  
  14  0:28  Spawning Pool  
  13  0:29  Drone  
  14  0:37  Overlord  
  14  0:45  Extractor  
  13  0:51  Drone  
  13  0:55  Drone x2  
  16  1:10  Drone  
  17  1:16  Zergling x2  
  18  1:24  Zergling x2  
  19  1:35  Zergling x2  
  20  1:47  Queen  
  20  1:52  Overlord  
  22  2:00  Hatchery  
  21  2:08  Drone  
  21  2:13  Evolution Chamber  
  21  2:14  Evolution Chamber  
  19  2:31  Zergling x2  
  19  2:32  Zergling x4  
  21  2:45  Zerg Melee Weapons Level 1  
  21  2:46  Metabolic Boost  
  21  2:51  Queen  
  23  2:59  Overlord  
  22  3:15  Zergling x6  
  25  3:29  Drone x3  
  28  3:44  Zerg Ground Armor Level 1  
  28  3:57  Baneling Nest  
  27  4:03  Zergling x4, Drone  
  27  4:04  Zergling x2  
  26  4:26  Zergling x12  
  26  4:31  Drone x2  
  34  4:35  Drone  
  35  4:46  Lair  
  35  4:55  Drone x3  
  35  4:58  Drone  
  39  5:00  Drone  
  39  5:04  Drone  
  39  5:06  Drone  
  33  5:23  Zergling x8  
  33  5:27  Zergling x6  
  40  5:30  Zerg Missile Weapons Level 1  
  40  5:43  Roach Warren  
  40  5:47  Extractor  
  40  5:49  Drone x4  
  42  5:51  Extractor  
  42  5:53  Baneling x5  
  42  5:54  Extractor  
  40  6:03  Drone x3  
  43  6:12  Overlord  
  43  6:13  Overlord  
  43  6:31  Drone x6  
  49  6:46  Zergling x2  
  49  6:47  Zergling x2  
  51  6:53  Drone x2  
  49  7:11  Roach x2  
  47  7:19  Zergling x14  
Tags
 
League
GoldGold
Matchup
ZvZ
Race
Zerg
Replay Pack
Multiplayer
Spawn Locations
Cross Positions
Add a new tag
Caveats
  • Supply blocks, unpowered buildings, or Contaminate may cause inaccurate times.
  • Supply counts are checked every 10 seconds.